 Dungeon Sprint DCSS version 0.28.0-43-g3370ac3207 (webtiles) character file.

Game seed: 16834620263409841495

5000000 smarlow the Archmage (level 25, -24/278 HPs)
             Began as a Djinni Warper on Mar 9, 2022.
             Was the Champion of Makhleb.
             Annihilated by a sculptor of flesh
             ... wielding a +9 great sword
              (271 damage)
             ... in the Dungeon (Sprint VIII: "Arena of Blood").
             The game lasted 00:02:28 (50 turns).

smarlow the Archmage (Djinni Warper)                  Turns: 50, Time: 00:02:28

Health: -24/278    AC: 30    Str: 10    XL:     25   Next: 25%
Gold:   0          EV: 36    Int: 17    God:    Makhleb [******] SH:  0 Dex: 23

rFire   + + .      SeeInvis +   i - +∞ Axe of Woe
rCold   x . .      Faith    .   (shield currently unavailable)
rNeg    + . .      Spirit   .   (armour currently unavailable)
rPois   ∞          Reflect  .   (no helmet)
rElec   +          Harm     .   (no cloak)
rCorr   .          Rampage  .   (gloves currently unavailable)
Will    ++...      NoTele   +   (boots unavailable)
Stlth   ++++++++++              (no amulet)
HPRegen 0.56/turn               g - ring of see invisible
MPRegen 0.00/turn               (no ring)

@: statue-form, flying, hasted (expiring)
A: slow and powerful, torment resistance 1, flying, boosted hp, sickness
immunity, fire resistance 2, cold vulnerability 1, float, innate caster, HP
casting, extra vitality 1
a: End Transformation, Renounce Religion, Minor Destruction, Lesser Servant of
Makhleb, Major Destruction, Greater Servant of Makhleb


You were in the Dungeon.
You worshipped Makhleb.
Makhleb was exalted by your worship.
You were a living statue of rough stone.
You visited 1 branch

Inventory:

Hand Weapons
 a - a +0 hand axe
 i - the +∞ Axe of Woe (weapon)
   (You found it in the Dungeon)
Missiles
 d - 5 boomerangs of dispersal (quivered)
Armour
 b - a +0 leather armour (melded)
Jewellery
 g - a ring of see invisible (left fist)
Scrolls
 c - 2 scrolls of blinking
Potions
 e - a potion of curing
 f - a potion of heal wounds
 h - a potion of berserk rage


   Skills:
 O Level 27 Fighting
 + Level 16.1(18.8) Short Blades
 + Level 16.1(18.8) Long Blades
 O Level 27 Axes
 + Level 14.9(24.1) Maces & Flails
 + Level 14.9(24.1) Polearms
 + Level 16.0(21.0) Staves
 + Level 14.7(22.5) Slings
 + Level 14.7 Bows
 + Level 14.7 Crossbows
 O Level 27 Throwing
 O Level 27 Armour
 O Level 27 Dodging
 O Level 27 Stealth
 + Level 16.4 Shields
 + Level 16.4 Unarmed Combat
 O Level 27 Spellcasting
 + Level 16.4 Invocations
 + Level 16.4 Evocations


You had one spell level left.
You knew the following spells:

 Your Spells              Type           Power      Damage    Failure   Level
a - Blink                 Tloc           100%       N/A       0%          2
b - Lesser Beckoning      Tloc           86%        N/A       0%          3
c - Gell's Gravitas       Tloc           86%        N/A       0%          3
d - Teleport Other        Tloc           86%        N/A       0%          3
e - Manifold Assault      Tloc           86%        N/A       0%          5
f - Shock                 Conj/Air       100%       1d9       0%          1
g - Ensorcelled Hibernat  Hex/Ice        100%       N/A       0%          2
h - Passwall              Tmut/Erth      71%        N/A       0%          2
i - Olgreb's Toxic Radia  Pois           86%        N/A       0%          4
j - Iskenderun's Mystic   Conj/Tloc      86%        2d17      0%          4
k - Alistair's Intoxicat  Tmut/Pois      57%        N/A       0%          5
l - Statue Form           Tmut/Erth      57%        N/A       0%          6
m - Dragon Form           Tmut           43%        N/A       1%          7
n - Dispersal             Tloc           43%        N/A       0%          6
o - Enfeeble              Hex            43%        N/A       1%          7
p - Maxwell's Capacitive  Air            43%        ∞         1%          8
q - Dragon's Call         Summ           43%        N/A       2%          9
Your spell library was empty.

Dungeon Overview and Level Annotations

Branches:
Dungeon (1/1)

Altars:
Makhleb


Innate Abilities, Weirdness & Mutations

You are a living statue of rough stone.
Your actions are slow, but your melee attacks are powerful.
You are resistant to unholy torment.
You are flying.
Your maximum health is greatly increased.
Your equipment is partially melded.
You are immune to sickness and miasma.
You are immune to poison.
Your flesh is very heat resistant. (rF++)
You are vulnerable to cold. (rC-)
You float through the air rather than walking.
You learn spells naturally, not from books.
Your magical power is your life essence.
You have superior vitality. (+4 MHP)


Message History

You hear a shout! x2
The tyrant waves its bony arms in wide circles.
The air twists around and strikes you!!
You see here a ring of see invisible.
g - a ring of see invisible (left fist)
You are engulfed in blazing flames.
You resist.
You hear a shout! x5
You hear a shout! x10
The tyrant gestures wildly while chanting.
The tyrant seems to speed up.
You hear a shout!
The bag of meat is engulfed in blazing flames.
You dice the large bag of meat like an onion!!!
Flame seeps out of the large bag of meat.
You slaughter the large bag of meat joyfully.
Makhleb accepts your kill.
You feel better.
The large bag of meat explodes!
The fiery explosion engulfs you. You resist.
The fiery explosion engulfs the sculptor of flesh!!
You are engulfed in blazing flames.
You resist.
You hear a shout! x9
Your base Short Blades skill increases to level 16!
Your base Long Blades skill increases to level 16!
Your base Staves skill increases to level 16!
Your Shields skill increases to level 16!
Your Invocations skill increases to level 16!
Unknown command.
You are engulfed in blazing flames.
You resist.
You hear a shout!
The sculptor of flesh is engulfed in blazing flames.
You hear a shout!
The accursed points at you and mumbles some strange words.
Something smites you!
You hear a shout! x3
The bag of meat is engulfed in blazing flames.
The sculptor of flesh is engulfed in blazing flames.
The sculptor of flesh hits you with a +9 great sword!!!!!
Ouch! That really hurt!
You die...

################
##.....8§o§§.....
......oz○§o......
......##o##☼#####
......).Vo..oL..
###.M..o##§##...
.....M..)§○......
.......)§§#.#....
........)).......
#.......°V......


You could see an accursed, a tyrant (fast), a destroyer, a sculptor of flesh and
6 bags of meat.

Vanquished Creatures
  8 vampire knights (D)
  9 ogres (D)
  5 two-headed ogres (D)
  37 orcs (D)
  A skeletal warrior (D)
60 creatures vanquished.

Notes
Turn   | Place    | Note
-------+----------+-------------------------------------------
     0 | D        | Found the +∞ Axe of Woe
     0 | D        | smarlow the Djinni Warper began the quest for the Orb.
     0 | D        | Reached XP level 1. HP: 18/18 MP: 0/0
     3 | D        | Became a worshipper of Makhleb the Destroyer
     3 | D        | Noticed a bag of meat
     6 | D        | Noticed a bag of meat
     6 | D        | Noticed a bag of meat
     6 | D        | Noticed a bag of meat
     6 | D        | Noticed a bag of meat
     8 | D        | Noticed a bag of meat
     8 | D        | Noticed a meat berserker
     9 | D        | Noticed a bag of meat
     9 | D        | Noticed a bag of meat
    10 | D        | Killed a bag of meat
    10 | D        | Noticed a meat berserker
    10 | D        | Noticed a meat berserker
    10 | D        | Noticed a bag of meat
    10 | D        | Noticed a bag of meat
    10 | D        | Noticed a bag of meat
    10 | D        | Noticed a bag of meat
    10 | D        | Noticed a bag of meat
    11 | D        | Reached XP level 2. HP: 34/34 MP: 0/0
    11 | D        | Reached XP level 3. HP: 39/39 MP: 0/0
    11 | D        | Learned a level 1 spell: Shock
    11 | D        | Reached XP level 4. HP: 45/45 MP: 0/0
    11 | D        | Reached XP level 5. HP: 50/50 MP: 0/0
    11 | D        | Learned a level 2 spell: Ensorcelled Hibernation
    11 | D        | Reached XP level 6. HP: 56/56 MP: 0/0
    11 | D        | Reached XP level 7. HP: 61/61 MP: 0/0
    11 | D        | Learned a level 2 spell: Passwall
    11 | D        | Reached XP level 8. HP: 67/67 MP: 0/0
    11 | D        | Reached XP level 9. HP: 72/72 MP: 0/0
    11 | D        | Learned a level 4 spell: Olgreb's Toxic Radiance
    11 | D        | Reached XP level 10. HP: 78/78 MP: 0/0
    11 | D        | Reached XP level 11. HP: 84/84 MP: 0/0
    11 | D        | Learned a level 4 spell: Iskenderun's Mystic Blast
    11 | D        | Noticed a bag of meat
    11 | D        | Noticed a bag of meat
    11 | D        | Noticed a bag of meat
    11 | D        | Noticed a bag of meat
    11 | D        | Noticed a bag of meat
    11 | D        | Noticed a large bag of meat
    12 | D        | Noticed a bag of meat
    12 | D        | Noticed a bag of meat
    12 | D        | Noticed a bag of meat
    12 | D        | Noticed a bag of meat
    12 | D        | Noticed a bag of meat
    13 | D        | Noticed a meat berserker
    13 | D        | Killed a bag of meat
    13 | D        | Reached * piety under Makhleb
    13 | D        | Noticed a meat berserker
    13 | D        | Noticed a bag of meat
    13 | D        | Noticed a bag of meat
    13 | D        | Noticed a bag of meat
    14 | D        | Reached skill level 10 in Fighting
    14 | D        | Reached skill level 10 in Dodging
    14 | D        | Reached XP level 12. HP: 92/92 MP: 0/0
    14 | D        | Killed a bag of meat
    14 | D        | Killed a bag of meat
    14 | D        | Killed a meat berserker
    14 | D        | Reached ** piety under Makhleb
    14 | D        | Killed a meat berserker
    14 | D        | Killed a bag of meat
    15 | D        | Reached skill level 15 in Fighting
    15 | D        | Reached skill level 5 in Throwing
    15 | D        | Reached skill level 15 in Dodging
    15 | D        | Reached XP level 13. HP: 108/108 MP: 0/0
    15 | D        | Learned a level 5 spell: Alistair's Intoxication
    15 | D        | Reached XP level 14. HP: 114/114 MP: 0/0
    15 | D        | Reached XP level 15. HP: 120/120 MP: 0/0
    15 | D        | Learned a level 6 spell: Statue Form
    15 | D        | Reached *** piety under Makhleb
    16 | D        | Reached skill level 15 in Axes
    16 | D        | Killed a meat berserker
    16 | D        | Reached **** piety under Makhleb
    16 | D        | Noticed a meat berserker
    17 | D        | Reached skill level 5 in Armour
    17 | D        | Reached skill level 27 in Spellcasting
    17 | D        | Reached XP level 16. HP: 132/132 MP: 0/0
    17 | D        | Killed a meat berserker
    18 | D        | Reached XP level 17. HP: 144/144 MP: 0/0
    18 | D        | Learned a level 7 spell: Dragon Form
    18 | D        | Noticed a large bag of meat
    19 | D        | Killed a large bag of meat
    19 | D        | Reached ***** piety under Makhleb
    19 | D        | Killed a meat berserker
    19 | D        | Noticed a destroyer
    20 | D        | Reached XP level 18. HP: 165/165 MP: 0/0
    20 | D        | Reached ****** piety under Makhleb
    20 | D        | Noticed a meat berserker
    21 | D        | Reached skill level 27 in Fighting
    21 | D        | Reached skill level 27 in Axes
    21 | D        | Reached skill level 27 in Dodging
    21 | D        | Reached XP level 19. HP: 174/174 MP: 0/0
    21 | D        | Learned a level 6 spell: Dispersal
    21 | D        | Noticed a destroyer
    22 | D        | Reached XP level 20. HP: 181/181 MP: 0/0
    22 | D        | Noticed a destroyer
    23 | D        | Killed a meat berserker
    23 | D        | Noticed a destroyer
    24 | D        | Reached skill level 15 in Throwing
    25 | D        | Reached skill level 27 in Armour
    25 | D        | Noticed a destroyer
    26 | D        | Killed a destroyer
    26 | D        | Killed a destroyer
    27 | D        | Reached skill level 27 in Throwing
    27 | D        | Reached XP level 21. HP: 187/187 MP: 0/0
    27 | D        | Learned a level 7 spell: Enfeeble
    27 | D        | Killed a destroyer
    27 | D        | Killed a meat berserker
    27 | D        | Killed a destroyer
    27 | D        | Killed a destroyer
    27 | D        | Noticed a destroyer
    28 | D        | Reached skill level 10 in Short Blades
    28 | D        | Reached skill level 10 in Long Blades
    28 | D        | Reached skill level 10 in Staves
    28 | D        | Reached skill level 10 in Stealth
    28 | D        | Reached skill level 10 in Shields
    28 | D        | Reached skill level 10 in Unarmed Combat
    28 | D        | Reached skill level 10 in Invocations
    28 | D        | Reached skill level 10 in Evocations
    28 | D        | Reached XP level 22. HP: 194/194 MP: 0/0
    28 | D        | Noticed a meat berserker
    29 | D        | Killed a large bag of meat
    30 | D        | Reached skill level 10 in Maces & Flails
    30 | D        | Reached skill level 10 in Polearms
    30 | D        | Reached skill level 10 in Slings
    30 | D        | Reached skill level 10 in Bows
    30 | D        | Reached skill level 10 in Crossbows
    30 | D        | Reached XP level 23. HP: 201/201 MP: 0/0
    30 | D        | Learned a level 8 spell: Maxwell's Capacitive Coupling
    30 | D        | Noticed a large bag of meat
    31 | D        | Noticed a destroyer
    31 | D        | Noticed a large bag of meat
    35 | D        | Noticed a destroyer
    35 | D        | Killed a large bag of meat
    35 | D        | Noticed a large bag of meat
    38 | D        | Killed a destroyer
    38 | D        | Killed a destroyer
    39 | D        | Reached skill level 15 in Shields
    39 | D        | Reached skill level 15 in Unarmed Combat
    39 | D        | Reached skill level 15 in Invocations
    39 | D        | Reached skill level 15 in Evocations
    39 | D        | Reached XP level 24. HP: 208/208 MP: 0/0
    39 | D        | Noticed a destroyer
    43 | D        | Killed a destroyer
    43 | D        | Killed a large bag of meat
    44 | D        | Reached skill level 27 in Stealth
    45 | D        | Reached skill level 15 in Short Blades
    45 | D        | Reached skill level 15 in Long Blades
    45 | D        | Reached skill level 15 in Staves
    45 | D        | Noticed a tyrant
    46 | D        | Reached XP level 25. HP: 214/214 MP: 0/0
    46 | D        | Learned a level 9 spell: Dragon's Call
    46 | D        | Noticed an accursed
    49 | D        | Killed a large bag of meat
    50 | D        | Annihilated by a sculptor of flesh

Illustrated notes

Levels and vault maps discovered:
D:        meatsprint

Skill      XL: |  1  2  3  4  5  6  7  8  9 10 11 12 13 14 15 16 17 18 19 20 21 22 23 24 25 |
---------------+----------------------------------------------------------------------------+-----
Fighting       | 9 10 15 17 20 26 27 | 27.0
Axes           | 8 9 14 17 20 26 27 | 27.0
Throwing       | 3 5 6 8 13 27 | 27.0
Armour         | 2 3 4 5 6 9 14 21 27 | 27.0
Dodging        | 9 10 15 17 18 21 27 | 27.0
Spellcasting   | 16 18 24 27 | 27.0
Short Blades   | 10 11 14 15 16 | 16.1
Long Blades    | 10 11 14 15 16 | 16.1
Maces & Flails | 9 10 13 14 | 14.9
Polearms       | 9 10 13 14 | 14.9
Staves         | 10 11 14 15 16 | 16.0
Slings         | 9 10 13 14 | 14.7
Bows           | 9 10 13 14 | 14.7
Crossbows      | 9 10 13 14 | 14.7
Stealth        | 10 11 14 27 | 27.0
Shields        | 10 11 15 16 | 16.4
Unarmed Combat | 10 11 15 16 | 16.4
Invocations    | 10 11 15 16 | 16.4
Evocations     | 10 11 15 16 | 16.4

Action                   |  1- 3 |  4- 6 |  7- 9 | 10-12 | 13-15 | 16-18 | 19-21 | 22-24 | 25-27 || total
-------------------------+-------+-------+-------+-------+-------+-------+-------+-------+-------++-------
Melee: Executioner's axe |     1 |       |       |     2 |     2 |     3 |     6 |     9 |     1 ||    24
 Cast: Statue Form       |       |       |       |       |       |     1 |       |       |       ||     1
  Use: Potion            |     1 |       |       |       |       |       |       |       |       ||     1
Armor: Skin              |       |       |       |       |       |       |     2 |     3 |       ||     5
Dodge: Dodged            |       |       |       |       |       |       |     1 |     1 |       ||     2
